Diables vs Saguenéens
Created - December 23, 2019 at 19:08
Goals
|
| Diables |
0 |
1 |
0 |
1 |
| Saguenéens |
1 |
2 |
0 |
3 |
|
Shots
|
| Diables |
4 |
14 |
10 |
28 |
| Saguenéens |
19 |
13 |
4 |
36 |
|
1st period
1. Saguenéens , Alexander Wennberg 15 (Garnet Hathaway 15) at 4:34 (PP)
Penalties :
Tim Schaller (Alm) for Hooking (Minor) at 4:25, Zac Leslie (Alm) for Hooking (Minor) at 17:01
2nd period
2. Saguenéens , Carl Hagelin 8 (Seth Helgeson 14, Aleksander Barkov 16) at 12:02
3. Diables , Anders Bjork 1 (Zac Leslie 4, Mark Jankowski 9) at 12:53
4. Saguenéens , Seth Helgeson 1 (Mason Raymond 17, Alexander Wennberg 12) at 16:12 (PP)
Penalties :
C.J Suess (Alm) for Holding (Minor) at 9:48, Brandon Prust (Alm) for Holding (Minor) at 13:13, Brandon Prust (Alm) for Hooking (Minor) at 16:06, Tim Schaller (Alm) for Boarding (Major) at 17:09
3rd period
No Goal
Penalties :
Will Butcher (Alm) for Tripping (Minor) at 0:38, Aleksander Barkov (Chi) for Hooking (Minor) at 8:10, Zac Leslie (Alm) for Roughing (Minor) at 11:46
Goalie Stats
Eric Comrie (Alm), 33 saves from 36 shots - (0.917), L, 12-6-1, 60:00 minutes
Joe Cannata (Chi), 27 saves from 28 shots - (0.964), W, 13-8-0, 60:00 minutes
Players Stats for Diables
Player Name G A P +/- PIM S H SB GA TA FO MP PP MP PK MP
------------------------------------------------------------------------------------
Anders Bjork 1 0 1 1 0 2 1 0 0 0 0/0 6:39 0:00 0:22
Artturi Lehkonen 0 0 0 0 0 2 0 0 0 0 0/0 12:35 0:09 2:58
Brandon Prust 0 0 0 -1 4 2 3 0 0 0 0/1 21:29 0:51 5:13
Brett Lernout 0 0 0 -1 0 1 1 0 0 1 0/0 21:24 0:29 6:56
C.J Suess 0 0 0 -1 2 1 5 0 0 1 3/8 18:25 0:56 3:53
Chris Bigras 0 0 0 0 0 0 2 3 0 0 0/0 21:26 0:29 3:42
Daniel Zaar 0 0 0 0 0 1 0 1 1 0 0/0 10:03 0:51 0:00
Frederik Gauthier 0 0 0 0 0 1 1 1 0 1 8/14 16:52 0:51 2:45
Griffin Reinhart 0 0 0 0 0 0 0 0 0 0 0/0 3:58 0:00 0:00
Louis Leblanc 0 0 0 0 0 1 1 0 1 0 2/5 11:01 0:18 0:22
Marc-André Bourdon 0 0 0 1 0 3 3 1 0 0 0/0 19:19 0:18 4:06
Mark Jankowski 0 1 1 1 0 1 1 1 0 0 1/2 12:01 0:15 3:02
Mikko Lehtonen 0 0 0 0 0 0 2 0 0 0 0/0 17:24 0:00 2:45
Nicolas Aube-Kubel 0 0 0 1 0 0 1 0 0 0 0/0 6:17 0:00 0:00
Tim Schaller 0 0 0 -1 7 3 1 1 0 0 13/30 20:22 0:59 4:28
Tobias Rieder 0 0 0 0 0 5 0 2 1 0 0/1 16:16 1:05 1:11
Will Butcher 0 0 0 -1 2 4 2 3 2 0 0/0 27:22 1:12 7:24
Zac Leslie 0 1 1 1 4 1 0 0 0 1 0/0 21:50 1:12 3:58
Players Stats for Saguenéens
Player Name G A P +/- PIM S H SB GA TA FO MP PP MP PK MP
------------------------------------------------------------------------------------
Adam Erne 0 0 0 -1 0 0 3 0 0 0 0/0 7:45 0:24 0:00
Aleksander Barkov 0 1 1 1 2 2 3 1 0 0 6/10 18:43 6:11 0:00
Alexander Wennberg 1 1 2 0 0 7 0 0 0 0 24/42 20:43 7:01 0:21
Carl Hagelin 1 0 1 1 0 1 1 0 0 0 0/1 18:42 6:11 0:00
Craig Cunningham 0 0 0 0 0 4 0 0 0 0 0/2 12:39 0:37 0:40
Duncan Siemens 0 0 0 -1 0 0 0 1 0 0 0/0 13:16 0:00 0:43
Garnet Hathaway 0 1 1 0 0 2 3 1 0 1 0/0 20:31 6:54 0:00
Henrik Samuelsson 0 0 0 -1 0 2 0 0 0 0 1/1 8:00 0:00 0:58
Kevin Marshall 0 0 0 1 0 1 0 2 0 1 0/0 26:57 9:12 1:16
Mark Stone 0 0 0 1 0 5 1 0 1 0 1/1 18:43 6:11 0:00
Mason Raymond 0 1 1 0 0 4 2 1 0 0 0/0 21:26 6:54 1:11
Mike Amadio 0 0 0 0 0 0 0 1 0 0 2/4 10:33 0:00 0:13
Nick Mattson 0 0 0 0 0 1 1 2 0 0 0/0 20:18 4:27 0:43
Patrick Sieloff 0 0 0 -1 0 1 1 0 0 0 0/0 16:46 4:27 0:00
Rhett Rakhshani 0 0 0 0 0 1 2 0 1 0 0/0 11:35 0:00 0:35
Robert Hagg 0 0 0 0 0 1 0 0 0 2 0/0 16:51 0:00 1:16
Seth Helgeson 1 1 2 1 0 1 4 0 2 1 0/0 25:52 9:12 0:00
Teemu Pulkkinen 0 0 0 -1 0 3 1 0 0 0 0/0 8:40 0:34 0:00
3 Stars
1 - Seth Helgeson (Chi)
2 - Joe Cannata (Chi)
3 - Alexander Wennberg (Chi)
Power Play
Diables - 0 on 1 Attempt(s) - 0.00%
Saguenéens - 2 on 8 Attempt(s) - 25.00%
Penalty Kill
Diables - 6 on 8 Attempt(s) - 75.00%
- Score 0 goal in Penalty Kill
Saguenéens - 1 on 1 Attempt(s) - 100.00%
- Score 0 goal in Penalty Kill
Team Stat
Diables - Hits : 24 - Faceoff Wins : 27 - Blocked Shots : 13 - Penalty Minutes : 19
Saguenéens - Hits : 22 - Faceoff Wins : 34 - Blocked Shots : 9 - Penalty Minutes : 2
Official
Referees : Unknown
Linesman : Unknown
Game Notes
Griffin Reinhart is injured at 7:07 of 1st period (Abdomen/Ribs)
Finance
Level 1 -- Attendance: 1487 (74.35%) -- Ticket Income $59,480
Level 2 -- Attendance: 678 (67.80%) -- Ticket Income $13,560
Total Attendance: 2165 (72.17%)
Total Ticket Income: $73,040
Other Income: $3,652
Total Income: $76,692
Diables
5 vs 5 Forward
Center Left Wing Right Wing Time % Phy DF OF
1 Tim Schaller Brandon Prust Mikko Lehtonen 40 1 2 2
2 Frederik Gauthier C.J Suess Tobias Rieder 30 1 2 2
3 Louis Leblanc Artturi Lehkonen Daniel Zaar 20 1 2 2
4 Mark Jankowski Anders Bjork Nicolas Aube-Kubel 10 1 2 2
5 vs 5 Defense
Defense Defense Time % Phy DF OF
1 Will Butcher Griffin Reinhart 40 1 2 2
2 Zac Leslie Marc-André Bourdon 30 1 2 2
3 Chris Bigras Brett Lernout 20 1 2 2
4 Will Butcher Griffin Reinhart 10 1 2 2
PowerPlay Forward
Center Left Wing Right Wing Time % Phy DF OF
1 Tim Schaller C.J Suess Tobias Rieder 60 1 2 2
2 Frederik Gauthier Brandon Prust Daniel Zaar 40 1 2 2
PowerPlay Defense
Defense Defense Time % Phy DF OF
1 Will Butcher Griffin Reinhart 60 1 2 2
2 Zac Leslie Marc-André Bourdon 40 1 2 2
Penalty Kill 4 Players Forward
Center Wing Time % Phy DF OF
1 Tim Schaller Brandon Prust 60 1 2 2
2 Frederik Gauthier Mikko Lehtonen 40 1 2 2
Penalty Kill 4 Players Defense
Defense Defense Time % Phy DF OF
1 Will Butcher Griffin Reinhart 60 1 2 2
2 Zac Leslie Marc-André Bourdon 40 1 2 2
Penalty Kill - 3 Players Forward
Forward Time % Phy DF OF
1 Tim Schaller 60 1 2 2
2 Brandon Prust 40 1 2 2
Penalty Kill - 3 Players Defense
Defense Defense Time % Phy DF OF
1 Will Butcher Griffin Reinhart 60 1 2 2
2 Zac Leslie Marc-André Bourdon 40 1 2 2
4 vs 4 Forward
Center Wing Time % Phy DF OF
1 Tim Schaller Brandon Prust 60 1 2 2
2 Frederik Gauthier Mikko Lehtonen 40 1 2 2
4 vs 4 Defense
Defense Defense Time % Phy DF OF
1 Will Butcher Griffin Reinhart 60 1 2 2
2 Zac Leslie Marc-André Bourdon 40 1 2 2
Last Minutes Offensive
Center Left Wing Right Wing Defense Defense
Tim Schaller Brandon Prust Mikko Lehtonen Will Butcher Griffin Reinhart
Last Minutes Defensive
Center Left Wing Right Wing Defense Defense
Tim Schaller Brandon Prust Mikko Lehtonen Will Butcher Griffin Reinhart
Goaltenders
Starting : Eric Comrie
Backup : Igor Shesterkin
Extra Forwards
Normal : Mark Jankowski, Frederik Gauthier, C.J Suess - PP : Mark Jankowski, Frederik Gauthier - PK : C.J Suess
Extra Defensemen
Normal : Chris Bigras, Brett Lernout, Zac Leslie - PP : Chris Bigras - PK : Brett Lernout, Zac Leslie
Penalty Shots
Tim Schaller, Brandon Prust, Tobias Rieder, Mikko Lehtonen, Louis Leblanc
Scratches
Stephen Harper (Healthy), Emil Djuse (Healthy), Jordan Caron (Bruised Right Leg Injury), Christian Thomas (Bruised Right Arm Injury), Cole Cassels (Healthy)
Jeremy Gregoire (Healthy), Connor Hurley (Healthy), Gustav Olofsson (Healthy), Andreas Johnsson (Healthy), Brett Ritchie (Healthy)
Samuel Morin (Healthy), Hunter Smith (Healthy), Jack Campbell (Healthy)
Saguenéens
5 vs 5 Forward
Center Left Wing Right Wing Time % Phy DF OF
1 Alexander Wennberg Mason Raymond Garnet Hathaway 40 1 2 2
2 Aleksander Barkov Carl Hagelin Mark Stone 30 1 2 2
3 Mike Amadio Craig Cunningham Rhett Rakhshani 20 1 2 2
4 Henrik Samuelsson Teemu Pulkkinen Adam Erne 10 1 2 2
5 vs 5 Defense
Defense Defense Time % Phy DF OF
1 Kevin Marshall Seth Helgeson 40 1 2 2
2 Robert Hagg Nick Mattson 30 1 2 2
3 Patrick Sieloff Duncan Siemens 20 1 2 2
4 Kevin Marshall Seth Helgeson 10 1 2 2
PowerPlay Forward
Center Left Wing Right Wing Time % Phy DF OF
1 Alexander Wennberg Mason Raymond Garnet Hathaway 60 1 2 2
2 Aleksander Barkov Carl Hagelin Mark Stone 40 1 2 2
PowerPlay Defense
Defense Defense Time % Phy DF OF
1 Kevin Marshall Seth Helgeson 60 1 2 2
2 Patrick Sieloff Nick Mattson 40 1 2 2
Penalty Kill 4 Players Forward
Center Wing Time % Phy DF OF
1 Henrik Samuelsson Mason Raymond 60 1 2 2
2 Mike Amadio Craig Cunningham 40 1 2 2
Penalty Kill 4 Players Defense
Defense Defense Time % Phy DF OF
1 Kevin Marshall Robert Hagg 60 1 2 2
2 Duncan Siemens Nick Mattson 40 1 2 2
Penalty Kill - 3 Players Forward
Forward Time % Phy DF OF
1 Henrik Samuelsson 60 1 2 2
2 Mike Amadio 40 1 2 2
Penalty Kill - 3 Players Defense
Defense Defense Time % Phy DF OF
1 Kevin Marshall Robert Hagg 60 1 2 2
2 Duncan Siemens Nick Mattson 40 1 2 2
4 vs 4 Forward
Center Wing Time % Phy DF OF
1 Alexander Wennberg Mason Raymond 60 1 2 2
2 Aleksander Barkov Garnet Hathaway 40 1 2 2
4 vs 4 Defense
Defense Defense Time % Phy DF OF
1 Kevin Marshall Seth Helgeson 60 1 2 2
2 Patrick Sieloff Nick Mattson 40 1 2 2
Last Minutes Offensive
Center Left Wing Right Wing Defense Defense
Alexander Wennberg Mason Raymond Garnet Hathaway Kevin Marshall Seth Helgeson
Last Minutes Defensive
Center Left Wing Right Wing Defense Defense
Aleksander Barkov Mason Raymond Garnet Hathaway Kevin Marshall Robert Hagg
Goaltenders
Starting : Joe Cannata
Backup : Tyler Beskorowany
Extra Forwards
Normal : Craig Cunningham, Teemu Pulkkinen, Rhett Rakhshani - PP : Craig Cunningham, Teemu Pulkkinen - PK : Rhett Rakhshani
Extra Defensemen
Normal : Patrick Sieloff, Duncan Siemens, Seth Helgeson - PP : Patrick Sieloff - PK : Duncan Siemens, Kevin Marshall
Penalty Shots
Garnet Hathaway, Mason Raymond, Mark Stone, Alexander Wennberg, Aleksander Barkov
Scratches
Mikhail Grigorenko (Healthy), Tanner Richard (Healthy), Juraj Mikus (Healthy), Myles Bell (Healthy), Dylan Labbe (Healthy)
Nick Paul (Healthy), Mattias Janmark (Healthy), Calle Andersson (Healthy), Julius Honka (Healthy), Clark Bishop (Healthy)
Nikita Scherbak (Healthy), JJ. Piccinich (Healthy), Michael Giugovaz (Healthy)
% Time on Ice - Diables
Lines # - Real PCT - Wanted PCT - Time Play
Normal Forward
1 - 35% - 40% - 15:36
2 - 30% - 30% - 13:17
3 - 21% - 20% - 9:12
4 - 14% - 10% - 6:17
Normal Defense
1 - 44% - 40% - 19:29
2 - 29% - 30% - 12:49
3 - 22% - 20% - 9:42
4 - 5% - 10% - 2:22
PP Forward
1 - 57% - 60% - 1:08
2 - 43% - 40% - 0:51
PP Defense
1 - 100% - 60% - 1:59
2 - 0% - 40% - 0:00
PK Forward
1 - 77% - 60% - 9:24
2 - 23% - 40% - 2:45
PK Defense
1 - 73% - 60% - 8:50
2 - 27% - 40% - 3:19
PK3 Forward
1 - 100% - 60% - 1:30
2 - 0% - 40% - 0:00
PK3 Defense
1 - 100% - 60% - 1:30
2 - 0% - 40% - 0:00
44 Forward
1 - 0% - 60%
2 - 0% - 40%
44 Defense
1 - 0% - 60%
2 - 0% - 40%
Last Minute Offensive - 0:00
Last Minute Defensive - 0:00
Total
Forward - 60:00
Defense - 60:00
|
% Time on Ice - Saguenéens
Lines # - Real PCT - Wanted PCT - Time Play
Normal Forward
1 - 31% - 40% - 13:42
2 - 30% - 30% - 13:19
3 - 23% - 20% - 10:20
4 - 16% - 10% - 7:01
Normal Defense
1 - 35% - 40% - 15:44
2 - 36% - 30% - 16:09
3 - 26% - 20% - 11:32
4 - 2% - 10% - 0:57
PP Forward
1 - 55% - 60% - 7:28
2 - 45% - 40% - 6:11
PP Defense
1 - 67% - 60% - 9:12
2 - 33% - 40% - 4:27
PK Forward
1 - 89% - 60% - 1:46
2 - 11% - 40% - 0:13
PK Defense
1 - 64% - 60% - 1:16
2 - 36% - 40% - 0:43
PK3 Forward
1 - 0% - 60%
2 - 0% - 40%
PK3 Defense
1 - 0% - 60%
2 - 0% - 40%
44 Forward
1 - 0% - 60%
2 - 0% - 40%
44 Defense
1 - 0% - 60%
2 - 0% - 40%
Last Minute Offensive - 0:00
Last Minute Defensive - 0:00
Total
Forward - 60:00
Defense - 60:00
|
Play-by-Play
1st period
0:01 of 1st period - Alexander Wennberg wins face-off versus Tim Schaller in neutral zone.
1:35 of 1st period - Brett Lernout is hit by Garnet Hathaway and loses puck.
2:14 of 1st period - Off-side.
2:15 of 1st period - Mike Amadio wins face-off versus Mark Jankowski in neutral zone.
2:18 of 1st period - Snap shot by Craig Cunningham.
2:18 of 1st period - Stopped by Eric Comrie with a rebound.
2:37 of 1st period - Icing by Mike Amadio.
2:38 of 1st period - Tim Schaller wins face-off versus Craig Cunningham in Saguenéens zone.
2:49 of 1st period - Snap shot by Mikko Lehtonen.
2:49 of 1st period - Shot Misses the Net.
2:51 of 1st period - Snap shot by Tim Schaller.
2:51 of 1st period - Stopped by Joe Cannata with a rebound.
3:05 of 1st period - Slapshot by Alexander Wennberg.
3:05 of 1st period - Stopped by Eric Comrie without a rebound.
3:06 of 1st period - Alexander Wennberg wins face-off versus Louis Leblanc in Diables zone.
3:21 of 1st period - Wrist shot by Alexander Wennberg.
3:21 of 1st period - Shot Blocked by Daniel Zaar.
3:35 of 1st period - Snap shot by Henrik Samuelsson.
3:35 of 1st period - Stopped by Eric Comrie with a rebound.
3:43 of 1st period - Wrist shot by Teemu Pulkkinen.
3:43 of 1st period - Shot Misses the Net.
3:55 of 1st period - Nick Mattson is hit by Frederik Gauthier and loses puck.
4:25 of 1st period - Minor Penalty to Tim Schaller for Hooking.
4:26 of 1st period - Alexander Wennberg wins face-off versus C.J Suess in Diables zone.
4:34 of 1st period - Snap shot by Alexander Wennberg.
4:34 of 1st period - Goal by Alexander Wennberg - Diables : 0 - Saguenéens : 1.
4:35 of 1st period - Tim Schaller wins face-off versus Alexander Wennberg in neutral zone.
4:42 of 1st period - Icing by Seth Helgeson.
4:43 of 1st period - Alexander Wennberg wins face-off versus Tim Schaller in Saguenéens zone.
4:45 of 1st period - Icing by Mason Raymond.
4:46 of 1st period - Alexander Wennberg wins face-off versus Frederik Gauthier in Saguenéens zone.
4:46 of 1st period - Alexander Wennberg is hit by Chris Bigras.
5:01 of 1st period - Snap shot by Garnet Hathaway.
5:01 of 1st period - Stopped by Eric Comrie with a rebound.
5:03 of 1st period - Slapshot by Garnet Hathaway.
5:03 of 1st period - Shot Blocked by Tobias Rieder.
5:05 of 1st period - Wrist shot by Garnet Hathaway.
5:05 of 1st period - Deflect By Tobias Rieder.
5:05 of 1st period - Shot Blocked by Chris Bigras.
5:05 of 1st period - Puck is out of play.
5:06 of 1st period - Tim Schaller wins face-off versus Aleksander Barkov in Diables zone.
5:41 of 1st period - Snap shot by Teemu Pulkkinen.
5:41 of 1st period - Stopped by Eric Comrie with a rebound.
5:43 of 1st period - Slapshot by Patrick Sieloff.
5:43 of 1st period - Stopped by Eric Comrie with a rebound.
6:08 of 1st period - Icing by Robert Hagg.
6:09 of 1st period - Frederik Gauthier wins face-off versus Mike Amadio in Saguenéens zone.
6:19 of 1st period - Off-side.
6:20 of 1st period - Alexander Wennberg wins face-off versus Frederik Gauthier in neutral zone.
6:23 of 1st period - Slapshot by Garnet Hathaway.
6:23 of 1st period - Deflect By Alexander Wennberg.
6:23 of 1st period - Stopped by Eric Comrie without a rebound.
6:24 of 1st period - Alexander Wennberg wins face-off versus Frederik Gauthier in Diables zone.
6:27 of 1st period - Backhand shot by Garnet Hathaway.
6:27 of 1st period - Shot Misses the Net.
6:29 of 1st period - Backhand shot by Mason Raymond.
6:29 of 1st period - Stopped by Eric Comrie with a rebound.
6:31 of 1st period - Slapshot by Kevin Marshall.
6:31 of 1st period - Deflect By Garnet Hathaway.
6:31 of 1st period - Shot Misses the Net.
6:31 of 1st period - Puck is out of play.
6:32 of 1st period - Aleksander Barkov wins face-off versus Tobias Rieder in Diables zone.
6:37 of 1st period - Snap shot by Carl Hagelin.
6:37 of 1st period - Deflect By Mark Stone.
6:37 of 1st period - Stopped by Eric Comrie with a rebound.
6:59 of 1st period - Alexander Wennberg is hit by Will Butcher and loses puck.
7:06 of 1st period - Griffin Reinhart is hit by Garnet Hathaway and loses puck.
7:07 of 1st period - Griffin Reinhart from Diables is injured at 7:07 of 1st period (Abdomen/Ribs).
7:08 of 1st period - Alexander Wennberg wins face-off versus Tim Schaller in Diables zone.
7:21 of 1st period - Slapshot by Alexander Wennberg.
7:21 of 1st period - Stopped by Eric Comrie with a rebound.
7:44 of 1st period - Slapshot by Tobias Rieder.
7:44 of 1st period - Stopped by Joe Cannata with a rebound.
8:20 of 1st period - Slapshot by Henrik Samuelsson.
8:20 of 1st period - Stopped by Eric Comrie with a rebound.
9:28 of 1st period - Icing by Zac Leslie.
9:29 of 1st period - Louis Leblanc wins face-off versus Alexander Wennberg in Diables zone.
9:43 of 1st period - Wrist shot by Mason Raymond.
9:43 of 1st period - Stopped by Eric Comrie with a rebound.
9:57 of 1st period - Seth Helgeson is hit by Mikko Lehtonen and loses puck.
11:50 of 1st period - Tobias Rieder is hit by Nick Mattson and loses puck.
12:01 of 1st period - Backhand shot by Rhett Rakhshani.
12:01 of 1st period - Shot Misses the Net.
12:03 of 1st period - Slapshot by Nick Mattson.
12:03 of 1st period - Stopped by Eric Comrie with a rebound.
12:05 of 1st period - Slapshot by Robert Hagg.
12:05 of 1st period - Shot Blocked by Frederik Gauthier.
12:07 of 1st period - Slapshot by Nick Mattson.
12:07 of 1st period - Shot Misses the Net.
13:07 of 1st period - Slapshot by Tobias Rieder.
13:07 of 1st period - Stopped by Joe Cannata with a rebound.
13:29 of 1st period - Snap shot by Tobias Rieder.
13:29 of 1st period - Shot Blocked by Nick Mattson.
13:45 of 1st period - Wrist shot by Craig Cunningham.
13:45 of 1st period - Stopped by Eric Comrie with a rebound.
14:05 of 1st period - Slapshot by Craig Cunningham.
14:05 of 1st period - Stopped by Eric Comrie with a rebound.
14:07 of 1st period - Slapshot by Robert Hagg.
14:07 of 1st period - Stopped by Eric Comrie without a rebound.
14:08 of 1st period - Tim Schaller wins face-off versus Alexander Wennberg in Diables zone.
14:23 of 1st period - Snap shot by Brandon Prust.
14:23 of 1st period - Stopped by Joe Cannata with a rebound.
15:57 of 1st period - Icing by Will Butcher.
15:58 of 1st period - Aleksander Barkov wins face-off versus Tim Schaller in Diables zone.
16:29 of 1st period - Tim Schaller is hit by Mason Raymond and loses puck.
16:40 of 1st period - Mason Raymond is hit by Marc-André Bourdon.
16:52 of 1st period - Snap shot by Teemu Pulkkinen.
16:52 of 1st period - Stopped by Eric Comrie with a rebound.
16:54 of 1st period - Slapshot by Patrick Sieloff.
16:54 of 1st period - Shot Misses the Net.
17:01 of 1st period - Minor Penalty to Zac Leslie for Hooking.
17:02 of 1st period - Mark Jankowski wins face-off versus Alexander Wennberg in Diables zone.
17:43 of 1st period - Mark Jankowski is hit by Aleksander Barkov and loses puck.
18:15 of 1st period - Icing by Garnet Hathaway.
18:16 of 1st period - Frederik Gauthier wins face-off versus Alexander Wennberg in Saguenéens zone.
18:17 of 1st period - Snap shot by Mikko Lehtonen.
18:17 of 1st period - Shot Blocked by Mason Raymond.
18:23 of 1st period - Mikko Lehtonen is hit by Garnet Hathaway and loses puck.
18:44 of 1st period - Icing by Seth Helgeson.
18:45 of 1st period - C.J Suess wins face-off versus Aleksander Barkov in Saguenéens zone.
19:01 of 1st period - Penalty to Zac Leslie is over, Zac Leslie is back on ice.
19:06 of 1st period - Snap shot by Aleksander Barkov.
19:06 of 1st period - Shot Misses the Net.
19:08 of 1st period - Snap shot by Seth Helgeson.
19:08 of 1st period - Shot Blocked by Will Butcher.
19:10 of 1st period - Snap shot by Mark Stone.
19:10 of 1st period - Shot Misses the Net.
19:12 of 1st period - Slapshot by Mark Stone.
19:12 of 1st period - Stopped by Eric Comrie without a rebound.
19:13 of 1st period - Alexander Wennberg wins face-off versus Tim Schaller in Diables zone.
19:48 of 1st period - Wrist shot by Mark Jankowski.
19:48 of 1st period - Shot Blocked by Duncan Siemens.
Goals for this period are 0 for Diables vs 1 for Saguenéens.
Shots for this period are 4 for Diables vs 19 for Saguenéens.
2nd period
0:01 of 2nd period - Alexander Wennberg wins face-off versus Tim Schaller in neutral zone.
0:35 of 2nd period - Snap shot by Teemu Pulkkinen.
0:35 of 2nd period - Shot Hit the Post.
0:37 of 2nd period - Wrist shot by Teemu Pulkkinen.
0:37 of 2nd period - Shot Misses the Net.
0:39 of 2nd period - Slapshot by Henrik Samuelsson.
0:39 of 2nd period - Shot Blocked by Tim Schaller.
0:53 of 2nd period - Wrist shot by C.J Suess.
0:53 of 2nd period - Shot Misses the Net.
0:55 of 2nd period - Wrist shot by Frederik Gauthier.
0:55 of 2nd period - Shot Misses the Net.
0:57 of 2nd period - Slapshot by Will Butcher.
0:57 of 2nd period - Stopped by Joe Cannata without a rebound.
0:58 of 2nd period - Louis Leblanc wins face-off versus Alexander Wennberg in Saguenéens zone.
1:03 of 2nd period - Wrist shot by Artturi Lehkonen.
1:03 of 2nd period - Stopped by Joe Cannata with a rebound.
1:05 of 2nd period - Slapshot by Marc-André Bourdon.
1:05 of 2nd period - Stopped by Joe Cannata with a rebound.
1:46 of 2nd period - Seth Helgeson is hit by Anders Bjork and loses puck.
2:22 of 2nd period - Alexander Wennberg is hit by C.J Suess and loses puck.
2:43 of 2nd period - Snap shot by Aleksander Barkov.
2:43 of 2nd period - Stopped by Eric Comrie without a rebound.
2:44 of 2nd period - Mark Stone wins face-off versus Louis Leblanc in Diables zone.
3:38 of 2nd period - Backhand shot by Alexander Wennberg.
3:38 of 2nd period - Shot Blocked by Marc-André Bourdon.
4:32 of 2nd period - Snap shot by Mark Jankowski.
4:32 of 2nd period - Stopped by Joe Cannata with a rebound.
4:34 of 2nd period - Snap shot by Zac Leslie.
4:34 of 2nd period - Stopped by Joe Cannata with a rebound.
4:44 of 2nd period - Wrist shot by Anders Bjork.
4:44 of 2nd period - Stopped by Joe Cannata without a rebound.
4:45 of 2nd period - Aleksander Barkov wins face-off versus Brandon Prust in Saguenéens zone.
4:56 of 2nd period - Aleksander Barkov is hit by Mikko Lehtonen.
5:10 of 2nd period - Will Butcher is hit by Rhett Rakhshani and loses puck.
5:15 of 2nd period - Snap shot by Rhett Rakhshani.
5:15 of 2nd period - Deflect By Tobias Rieder.
5:15 of 2nd period - Shot Misses the Net.
5:15 of 2nd period - Puck is out of play.
5:16 of 2nd period - Frederik Gauthier wins face-off versus Aleksander Barkov in Diables zone.
5:41 of 2nd period - Seth Helgeson is hit by Tim Schaller.
6:01 of 2nd period - Louis Leblanc is hit by Adam Erne and loses puck.
7:28 of 2nd period - Wrist shot by Artturi Lehkonen.
7:28 of 2nd period - Stopped by Joe Cannata with a rebound.
7:30 of 2nd period - Slapshot by Marc-André Bourdon.
7:30 of 2nd period - Stopped by Joe Cannata without a rebound.
7:31 of 2nd period - Alexander Wennberg wins face-off versus Frederik Gauthier in Saguenéens zone.
7:36 of 2nd period - Wrist shot by Garnet Hathaway.
7:36 of 2nd period - Stopped by Eric Comrie without a rebound.
7:37 of 2nd period - Tim Schaller wins face-off versus Alexander Wennberg in Diables zone.
7:51 of 2nd period - Snap shot by Mason Raymond.
7:51 of 2nd period - Stopped by Eric Comrie without a rebound.
7:52 of 2nd period - Aleksander Barkov wins face-off versus Frederik Gauthier in Diables zone.
8:03 of 2nd period - Snap shot by Mark Stone.
8:03 of 2nd period - Deflect By Tobias Rieder.
8:03 of 2nd period - Stopped by Eric Comrie with a rebound.
8:05 of 2nd period - Snap shot by Kevin Marshall.
8:05 of 2nd period - Shot Misses the Net.
8:26 of 2nd period - Slapshot by C.J Suess.
8:26 of 2nd period - Shot Blocked by Mike Amadio.
8:28 of 2nd period - Slapshot by Marc-André Bourdon.
8:28 of 2nd period - Shot Blocked by Kevin Marshall.
8:30 of 2nd period - Slapshot by Zac Leslie.
8:30 of 2nd period - Deflect By Frederik Gauthier.
8:30 of 2nd period - Shot Misses the Net.
8:30 of 2nd period - Puck is out of play.
8:31 of 2nd period - Tim Schaller wins face-off versus Alexander Wennberg in Saguenéens zone.
9:04 of 2nd period - Slapshot by Will Butcher.
9:04 of 2nd period - Shot Blocked by Nick Mattson.
9:06 of 2nd period - Snap shot by Louis Leblanc.
9:06 of 2nd period - Shot Misses the Net.
9:08 of 2nd period - Snap shot by Daniel Zaar.
9:08 of 2nd period - Deflect By Robert Hagg.
9:08 of 2nd period - Shot Misses the Net.
9:08 of 2nd period - Puck is out of play.
9:09 of 2nd period - Tim Schaller wins face-off versus Alexander Wennberg in Saguenéens zone.
9:34 of 2nd period - Will Butcher is hit by Seth Helgeson and loses puck.
9:43 of 2nd period - Wrist shot by Craig Cunningham.
9:43 of 2nd period - Stopped by Eric Comrie with a rebound.
9:45 of 2nd period - Snap shot by Mike Amadio.
9:45 of 2nd period - Deflect By Rhett Rakhshani.
9:45 of 2nd period - Shot Blocked by Chris Bigras.
9:45 of 2nd period - Puck is out of play.
9:46 of 2nd period - Frederik Gauthier wins face-off versus Alexander Wennberg in Diables zone.
9:48 of 2nd period - Minor Penalty to C.J Suess for Holding.
9:49 of 2nd period - Tim Schaller wins face-off versus Alexander Wennberg in Diables zone.
9:57 of 2nd period - Wrist shot by Tim Schaller.
9:57 of 2nd period - Stopped by Joe Cannata without a rebound.
9:58 of 2nd period - Alexander Wennberg wins face-off versus Tim Schaller in Saguenéens zone.
10:05 of 2nd period - Slapshot by Will Butcher.
10:05 of 2nd period - Deflect By Tim Schaller.
10:05 of 2nd period - Stopped by Joe Cannata without a rebound.
10:06 of 2nd period - Alexander Wennberg wins face-off versus Tim Schaller in Saguenéens zone.
10:19 of 2nd period - Slapshot by Will Butcher.
10:19 of 2nd period - Shot Blocked by Garnet Hathaway.
10:21 of 2nd period - Slapshot by Brett Lernout.
10:21 of 2nd period - Stopped by Joe Cannata without a rebound.
10:22 of 2nd period - Alexander Wennberg wins face-off versus Tim Schaller in Saguenéens zone.
10:27 of 2nd period - Will Butcher is hit by Mason Raymond and loses puck.
10:50 of 2nd period - Slapshot by Kevin Marshall.
10:50 of 2nd period - Shot Misses the Net.
10:59 of 2nd period - Icing by Aleksander Barkov.
11:00 of 2nd period - Aleksander Barkov wins face-off versus Tim Schaller in Saguenéens zone.
11:35 of 2nd period - Brandon Prust is hit by Seth Helgeson and loses puck.
11:48 of 2nd period - Penalty to C.J Suess is over, C.J Suess is back on ice.
11:58 of 2nd period - Snap shot by Aleksander Barkov.
11:58 of 2nd period - Shot Misses the Net.
12:00 of 2nd period - Slapshot by Carl Hagelin.
12:00 of 2nd period - Shot Misses the Net.
12:02 of 2nd period - Slapshot by Seth Helgeson.
12:02 of 2nd period - Deflect By Carl Hagelin.
12:02 of 2nd period - Goal by Carl Hagelin - Diables : 0 - Saguenéens : 2.
12:03 of 2nd period - Frederik Gauthier wins face-off versus Alexander Wennberg in neutral zone.
12:53 of 2nd period - Snap shot by Anders Bjork.
12:53 of 2nd period - Goal by Anders Bjork - Diables : 1 - Saguenéens : 2.
12:54 of 2nd period - Alexander Wennberg wins face-off versus Tim Schaller in neutral zone.
13:04 of 2nd period - Slapshot by Tim Schaller.
13:04 of 2nd period - Shot Misses the Net.
13:13 of 2nd period - Minor Penalty to Brandon Prust for Holding.
13:14 of 2nd period - Alexander Wennberg wins face-off versus Tim Schaller in Diables zone.
13:46 of 2nd period - Snap shot by Mark Stone.
13:46 of 2nd period - Stopped by Eric Comrie with a rebound.
14:31 of 2nd period - Mark Stone is hit by C.J Suess and loses puck.
15:12 of 2nd period - Icing by Mark Stone.
15:13 of 2nd period - Penalty to Brandon Prust is over, Brandon Prust is back on ice.
15:13 of 2nd period - Aleksander Barkov wins face-off versus C.J Suess in Saguenéens zone.
15:24 of 2nd period - Snap shot by Aleksander Barkov.
15:24 of 2nd period - Shot Blocked by Will Butcher.
15:26 of 2nd period - Snap shot by Mark Stone.
15:26 of 2nd period - Shot Blocked by Tobias Rieder.
15:28 of 2nd period - Wrist shot by Aleksander Barkov.
15:28 of 2nd period - Shot Misses the Net.
15:44 of 2nd period - Wrist shot by Carl Hagelin.
15:44 of 2nd period - Deflect By Mark Stone.
15:44 of 2nd period - Stopped by Eric Comrie without a rebound.
15:45 of 2nd period - Alexander Wennberg wins face-off versus Tim Schaller in Diables zone.
15:46 of 2nd period - Slapshot by Garnet Hathaway.
15:46 of 2nd period - Shot Misses the Net.
15:48 of 2nd period - Slapshot by Seth Helgeson.
15:48 of 2nd period - Deflect By Alexander Wennberg.
15:48 of 2nd period - Stopped by Eric Comrie with a rebound.
16:06 of 2nd period - Minor Penalty to Brandon Prust for Hooking.
16:07 of 2nd period - Alexander Wennberg wins face-off versus Tim Schaller in Diables zone.
16:08 of 2nd period - Wrist shot by Mason Raymond.
16:08 of 2nd period - Stopped by Eric Comrie with a rebound.
16:10 of 2nd period - Slapshot by Mason Raymond.
16:10 of 2nd period - Shot Misses the Net.
16:12 of 2nd period - Slapshot by Seth Helgeson.
16:12 of 2nd period - Goal by Seth Helgeson - Diables : 1 - Saguenéens : 3.
16:13 of 2nd period - Alexander Wennberg wins face-off versus Tim Schaller in neutral zone.
16:18 of 2nd period - Slapshot by Alexander Wennberg.
16:18 of 2nd period - Stopped by Eric Comrie with a rebound.
16:20 of 2nd period - Slapshot by Kevin Marshall.
16:20 of 2nd period - Shot Misses the Net.
16:35 of 2nd period - Icing by Mikko Lehtonen.
16:36 of 2nd period - Tim Schaller wins face-off versus Carl Hagelin in Diables zone.
16:43 of 2nd period - Slapshot by Will Butcher.
16:43 of 2nd period - Shot Blocked by Aleksander Barkov.
16:45 of 2nd period - Backhand shot by Tobias Rieder.
16:45 of 2nd period - Shot Misses the Net.
16:47 of 2nd period - Wrist shot by Frederik Gauthier.
16:47 of 2nd period - Stopped by Joe Cannata without a rebound.
16:48 of 2nd period - Tim Schaller wins face-off versus Alexander Wennberg in Saguenéens zone.
16:49 of 2nd period - Wrist shot by Brandon Prust.
16:49 of 2nd period - Stopped by Joe Cannata with a rebound.
16:57 of 2nd period - Backhand shot by Kevin Marshall.
16:57 of 2nd period - Stopped by Eric Comrie with a rebound.
17:09 of 2nd period - Major Penalty to Tim Schaller for Boarding.
17:10 of 2nd period - Alexander Wennberg wins face-off versus C.J Suess in Diables zone.
17:23 of 2nd period - Snap shot by Alexander Wennberg.
17:23 of 2nd period - Shot Misses the Net.
19:10 of 2nd period - Mark Jankowski is hit by Teemu Pulkkinen and loses puck.
19:39 of 2nd period - Alexander Wennberg is hit by Brett Lernout and loses puck.
19:44 of 2nd period - Snap shot by C.J Suess.
19:44 of 2nd period - Shot Misses the Net.
Goals for this period are 1 for Diables vs 2 for Saguenéens.
Shots for this period are 14 for Diables vs 13 for Saguenéens.
3rd period
0:01 of 3rd period - Alexander Wennberg wins face-off versus C.J Suess in neutral zone.
0:06 of 3rd period - Wrist shot by Mason Raymond.
0:06 of 3rd period - Deflect By Alexander Wennberg.
0:06 of 3rd period - Shot Blocked by Will Butcher.
0:06 of 3rd period - Puck is out of play.
0:07 of 3rd period - C.J Suess wins face-off versus Alexander Wennberg in Diables zone.
0:16 of 3rd period - Wrist shot by Alexander Wennberg.
0:16 of 3rd period - Deflect By Brandon Prust.
0:16 of 3rd period - Stopped by Eric Comrie without a rebound.
0:17 of 3rd period - Alexander Wennberg wins face-off versus C.J Suess in Diables zone.
0:38 of 3rd period - Minor Penalty to Will Butcher for Tripping.
0:39 of 3rd period - C.J Suess wins face-off versus Alexander Wennberg in Diables zone.
1:08 of 3rd period - Seth Helgeson is hit by C.J Suess and loses puck.
2:09 of 3rd period - Penalty to Tim Schaller is over, Tim Schaller is back on ice.
2:38 of 3rd period - Penalty to Will Butcher is over, Will Butcher is back on ice.
2:42 of 3rd period - Tim Schaller is hit by Rhett Rakhshani and loses puck.
3:01 of 3rd period - Adam Erne is hit by Marc-André Bourdon and loses puck.
3:06 of 3rd period - Slapshot by Louis Leblanc.
3:06 of 3rd period - Stopped by Joe Cannata with a rebound.
3:08 of 3rd period - Slapshot by Tobias Rieder.
3:08 of 3rd period - Stopped by Joe Cannata with a rebound.
3:35 of 3rd period - Snap shot by Teemu Pulkkinen.
3:35 of 3rd period - Shot Blocked by Mark Jankowski.
3:51 of 3rd period - Backhand shot by Mikko Lehtonen.
3:51 of 3rd period - Shot Misses the Net.
3:53 of 3rd period - Snap shot by Will Butcher.
3:53 of 3rd period - Stopped by Joe Cannata with a rebound.
3:55 of 3rd period - Slapshot by Will Butcher.
3:55 of 3rd period - Deflect By Kevin Marshall.
3:55 of 3rd period - Stopped by Joe Cannata without a rebound.
3:56 of 3rd period - Tim Schaller wins face-off versus Mike Amadio in Saguenéens zone.
4:13 of 3rd period - Snap shot by Rhett Rakhshani.
4:13 of 3rd period - Stopped by Eric Comrie without a rebound.
4:14 of 3rd period - Frederik Gauthier wins face-off versus Alexander Wennberg in Diables zone.
4:26 of 3rd period - Off-side.
4:27 of 3rd period - Tim Schaller wins face-off versus Alexander Wennberg in neutral zone.
5:03 of 3rd period - Aleksander Barkov is hit by Chris Bigras.
5:07 of 3rd period - Frederik Gauthier is hit by Seth Helgeson.
5:27 of 3rd period - Backhand shot by Rhett Rakhshani.
5:27 of 3rd period - Shot Blocked by Chris Bigras.
5:57 of 3rd period - Mikko Lehtonen is hit by Adam Erne and loses puck.
6:26 of 3rd period - Chris Bigras is hit by Aleksander Barkov and loses puck.
7:43 of 3rd period - Snap shot by Aleksander Barkov.
7:43 of 3rd period - Stopped by Eric Comrie without a rebound.
7:44 of 3rd period - Frederik Gauthier wins face-off versus Aleksander Barkov in Diables zone.
7:44 of 3rd period - Frederik Gauthier is hit by Mark Stone.
7:50 of 3rd period - Nick Mattson is hit by C.J Suess and loses puck.
8:10 of 3rd period - Minor Penalty to Aleksander Barkov for Hooking.
8:11 of 3rd period - Henrik Samuelsson wins face-off versus Tim Schaller in Saguenéens zone.
8:23 of 3rd period - Slapshot by Tim Schaller.
8:23 of 3rd period - Shot Misses the Net.
8:25 of 3rd period - Snap shot by Tobias Rieder.
8:25 of 3rd period - Deflect By C.J Suess.
8:25 of 3rd period - Stopped by Joe Cannata with a rebound.
10:10 of 3rd period - Penalty to Aleksander Barkov is over, Aleksander Barkov is back on ice.
10:19 of 3rd period - Carl Hagelin is hit by Mark Jankowski and loses puck.
10:27 of 3rd period - Off-side.
10:28 of 3rd period - Tim Schaller wins face-off versus Craig Cunningham in neutral zone.
10:31 of 3rd period - Mike Amadio is hit by Brandon Prust and loses puck.
10:46 of 3rd period - Nicolas Aube-Kubel is hit by Patrick Sieloff and loses puck.
10:59 of 3rd period - Slapshot by Chris Bigras.
10:59 of 3rd period - Shot Misses the Net.
11:01 of 3rd period - Wrist shot by Chris Bigras.
11:01 of 3rd period - Shot Misses the Net.
11:03 of 3rd period - Slapshot by Will Butcher.
11:03 of 3rd period - Stopped by Joe Cannata without a rebound.
11:04 of 3rd period - Alexander Wennberg wins face-off versus Louis Leblanc in Saguenéens zone.
11:11 of 3rd period - Wrist shot by Daniel Zaar.
11:11 of 3rd period - Stopped by Joe Cannata with a rebound.
11:17 of 3rd period - Wrist shot by Daniel Zaar.
11:17 of 3rd period - Shot Blocked by Kevin Marshall.
11:29 of 3rd period - Carl Hagelin is hit by Brandon Prust and loses puck.
11:46 of 3rd period - Minor Penalty to Zac Leslie for Roughing.
11:47 of 3rd period - Alexander Wennberg wins face-off versus Tim Schaller in Diables zone.
13:00 of 3rd period - Mikko Lehtonen is hit by Aleksander Barkov and loses puck.
13:46 of 3rd period - Penalty to Zac Leslie is over, Zac Leslie is back on ice.
13:49 of 3rd period - Wrist shot by Teemu Pulkkinen.
13:49 of 3rd period - Stopped by Eric Comrie with a rebound.
14:24 of 3rd period - Louis Leblanc is hit by Adam Erne and loses puck.
14:39 of 3rd period - Slapshot by Marc-André Bourdon.
14:39 of 3rd period - Stopped by Joe Cannata with a rebound.
15:40 of 3rd period - Teemu Pulkkinen is hit by Louis Leblanc and loses puck.
15:57 of 3rd period - Carl Hagelin is hit by Brandon Prust.
16:08 of 3rd period - Icing by Tobias Rieder.
16:09 of 3rd period - Frederik Gauthier wins face-off versus Alexander Wennberg in Diables zone.
16:14 of 3rd period - Kevin Marshall is hit by Marc-André Bourdon and loses puck.
17:25 of 3rd period - Nick Mattson is hit by Nicolas Aube-Kubel.
17:36 of 3rd period - Mark Stone is hit by Will Butcher and loses puck.
17:59 of 3rd period - Tobias Rieder is hit by Seth Helgeson and loses puck.
18:46 of 3rd period - Slapshot by C.J Suess.
18:46 of 3rd period - Deflect By Tobias Rieder.
18:46 of 3rd period - Stopped by Joe Cannata without a rebound.
18:47 of 3rd period - Mike Amadio wins face-off versus Frederik Gauthier in Saguenéens zone.
18:47 of 3rd period - Mike Amadio is hit by C.J Suess.
18:53 of 3rd period - Snap shot by Tobias Rieder.
18:53 of 3rd period - Deflect By Mike Amadio.
18:53 of 3rd period - Stopped by Joe Cannata with a rebound.
19:17 of 3rd period - Brett Lernout is hit by Carl Hagelin and loses puck.
Goals for this period are 0 for Diables vs 0 for Saguenéens.
Shots for this period are 10 for Diables vs 4 for Saguenéens.
Back to the Top